 Dungeon Crawl Stone Soup version 0.25-a0-737-g26c3a87c45 (console) character file.

Game seed: 10396377396554695997, levelgen mode: deterministic

62475 ting the Fencer (level 15, -1/97 HPs)
             Began as a Tengu Gladiator on Apr 11, 2020.
             Was the Champion of Okawaru.
             Slain by a seven-headed hydra (6 damage)
             ... while petrified by you
             ... on level 6 of the Lair of Beasts on Apr 12, 2020.
             The game lasted 02:38:12 (26588 turns).

ting the Fencer (Tengu Gladiator)                  Turns: 26588, Time: 02:38:12

Health: -1/97      AC: 14    Str: 20    XL:     15   Next: 6%
Magic:  0/16       EV:  2    Int:  6    God:    Okawaru [******]
Gold:   1773       SH:  0    Dex: 28    Spells: 14/14 levels left

rFire    . . .     SeeInvis .   a - +1 triple sword (elec)
rCold    . . .     Gourm    .   (shield currently unavailable)
rNeg     + + +     Faith    .   L - +6 scale mail "Lelaxien" {+Blink}
rPois    ∞         Spirit   +   o - +0 hat
rElec    .         Reflect  .   R - +0 cloak of Vanity {rN++ Regen+ Int-3}
rCorr    .         Harm     .   (no gloves)
MR       +....                  (boots unavailable)
Stlth    +.........             s - amulet of guardian spirit
HPRegen  0.66/turn              t - +4 ring of strength
MPRegen  0.15/turn              Q - +6 ring of dexterity

@: petrified, flying quickly and evasively, quick
A: beak, horns 1, talons 3, agile 1, blurry vision 1, subdued magic 1, able to
fly
a: Stop Flying, Heroism, Finesse, Renounce Religion, Evoke Blink


   Skills:
 - Level 12.7 Fighting
 + Level 17.0 Long Blades
 - Level 9.0 Throwing
 - Level 6.2 Armour
 - Level 13.8 Dodging


You had 14 spell levels left.
You didn't know any spells.
Your spell library contained the following spells:

 Spells                   Type           Power        Failure   Level  Hunger
 Animate Skeleton         Necr           N/A          75%         1    ##.....
 Beastly Appendage        Tmut           #.....       75%         1    ##.....
 Freeze                   Ice            #...         75%         1    ##.....
 Pain                     Necr           #...         75%         1    ##.....
 Sandblast                Erth           #.....       75%         1    ##.....
 Passwall                 Tmut/Erth      #.......     87%         2    ###....
 Sticks to Snakes         Tmut           #.......     87%         2    ###....
 Confusing Touch          Hex            #.......     98%         3    ####...
 Frozen Ramparts          Ice            #.....       98%         3    ####...
 Gell's Gravitas          Tloc           #.........   98%         3    ####...
 Ozocubu's Armour         Chrm/Ice       #.......     98%         3    ####...
 Spider Form              Tmut/Pois      #.........   98%         3    ####...
 Stone Arrow              Conj/Erth      #.....       98%         3    ####...
 Vampiric Draining        Necr           #.........   98%         3    ####...
 Animate Dead             Necr           N/A          100%        4    #####..
 Hailstorm                Conj/Ice       #.......     100%        4    #####..
 Ice Form                 Ice/Tmut       #.......     100%        4    #####..
 Petrify                  Tmut/Erth      #.......     100%        4    #####..
 Summon Ice Beast         Ice/Summ       #.......     100%        4    #####..
 Agony                    Necr           #.......     100%        5    ######.
 Blade Hands              Tmut           #.........   100%        5    ######.
 Lee's Rapid Deconstruct  Erth           #.........   100%        5    ######.
 Metabolic Englaciation   Hex/Ice        #.........   100%        5    ######.
 Yara's Violent Unravell  Hex/Tmut       #.........   100%        5    ######.


Innate Abilities, Weirdness & Mutations

You have a beak for a mouth.
You have claws for feet.
You can fly continuously.
You have a pair of small horns on your head.
You are agile. (Dex +2)
Scrolls take you a little longer to read.
Your spells are a little easier to cast, but a little less powerful.

Inventory:

Hand Weapons
 a - a +1 triple sword of electrocution (weapon)
 b - a +2 dagger of venom
 c - a +4 great sword of protection
Missiles
 e - 346 stones (quivered)
 h - 26 boomerangs
 H - 5 javelins
 J - 9 silver javelins
 N - 13 atropa-tipped darts
Armour
 o - a +0 hat (worn)
 L - the +6 scale mail "Lelaxien" (worn) {+Blink}
   (You bought it in a shop on level 13 of the Dungeon)

   It lets you blink.
 P - a +0 leather armour of poison resistance
 R - the +0 cloak of Vanity (worn) {rN++ Regen+ Int-3}
   (Okawaru gifted it to you on level 10 of the Dungeon)

   It affects your intelligence (-3).
   It greatly protects you from negative energy.
   It increases your rate of regeneration.
Jewellery
 s - an amulet of guardian spirit (around neck)
 t - a +4 ring of strength (left hand)
 y - an uncursed ring of ice
 z - an uncursed ring of resist corrosion
 A - an uncursed amulet of regeneration
 M - an uncursed ring of protection from fire
 Q - a +6 ring of dexterity (right hand)
 U - an uncursed ring of see invisible
Wands
 v - a wand of clouds (4)
 F - a wand of disintegration (7)
 G - a wand of digging (3)
 K - a wand of enslavement (5)
 O - a wand of paralysis (10)
Scrolls
 d - 10 scrolls of teleportation
 g - 13 scrolls of identify
 i - a scroll of magic mapping
 j - a scroll of enchant weapon
 k - 6 scrolls of amnesia
 m - 16 scrolls of remove curse
 p - 4 scrolls of enchant armour
 r - a scroll of fog
 D - a scroll of fear
Potions
 l - 2 potions of lignification {unknown}
 n - a potion of might
 u - 3 potions of magic {unknown}
 w - 3 potions of cancellation {unknown}
 x - 2 potions of haste
 B - 11 potions of curing
 C - a potion of ambrosia {unknown}
 I - a potion of stabbing {unknown}
 S - a potion of heal wounds
Comestibles
 f - 26 rations

##....##..#.###.##.((...
#.............#.#......
#...#PP................
#..##.PP..#P...#(...Y..
#.P #.P.####..#.#
#.....#.P# ##..#.......
#........#####..##......
#......P....#D.## ......
.##...§§.§☹YJ# .....
P..#.P.#.### ###..
#...#..### . #.. ### ..
.


You could see a catoblepas, a seven-headed hydra and an ooze.


Message History

The ooze quivers.
The stone hits the ooze!
The ooze is severely wounded.
There is a stone staircase leading up here.
You start waiting.
The ooze is too close now for your liking.
The ooze hits you.
You slice the ooze!!
You kill the ooze!
There is a stone staircase leading up here.
Throwing (i - inventory. (/) - cycle)
e - 347 stones (quivered)
Press: ? - help, Shift-Dir - straight line, f - catoblepas
Aim: a catoblepas (hasn't noticed you)
You throw a stone. The catoblepas bellows!
The stone hits the catoblepas but does no damage.
There is a stone staircase leading up here.
You start waiting.
The catoblepas is too close now for your liking.
The catoblepas completely misses you.
You hit the catoblepas.
Lightning courses through the catoblepas!
You claw the catoblepas, but do no damage.
You headbutt the catoblepas.
You peck the catoblepas, but do no damage.
The catoblepas is moderately wounded.
The catoblepas breathes a plume of calcifying dust at you.
The blast of calcifying dust hits you.
You slash the catoblepas! Your kick misses the catoblepas.
You headbutt the catoblepas.
You peck the catoblepas, but do no damage.
The catoblepas is heavily wounded.
You are engulfed in calcifying dust.
You are slowing down.
The catoblepas gores you!
You hit the catoblepas.
You claw the catoblepas, but do no damage.
The catoblepas is heavily wounded.
You are engulfed in calcifying dust.
Your limbs have turned to stone.
The catoblepas gores you!
The catoblepas breathes a plume of calcifying dust at you.
The blast of calcifying dust hits you.
You have turned to stone.
You are engulfed in calcifying dust.
The catoblepas breathes a plume of calcifying dust at you.
The blast of calcifying dust hits you! The catoblepas gores you!!
The catoblepas gores you.
An ooze comes into view.
The catoblepas gores you! The catoblepas gores you!
The ooze quivers.
The catoblepas gores you!!
You hear a roar!
The catoblepas breathes a plume of calcifying dust at you.
The blast of calcifying dust hits you but does no damage.
A seven-headed hydra comes into view.
You are engulfed in calcifying dust.
The catoblepas breathes a plume of calcifying dust at you.
The blast of calcifying dust hits you.
You are engulfed in calcifying dust.
The catoblepas gores you!
You are engulfed in calcifying dust.
The catoblepas gores you!
* * * LOW HITPOINT WARNING * * *
You turn to flesh and can move again.
Really read with blurry vision while enemies are nearby?
You are engulfed in calcifying dust.
You are slowing down.
The ooze hits the plant but does no damage.
You begin reading the scroll.
You continue reading the scroll.
You are engulfed in calcifying dust.
Your limbs have turned to stone.
The catoblepas gores you!!
* * * LOW HITPOINT WARNING * * *
The catoblepas gores you!!
* * * LOW HITPOINT WARNING * * *
You have turned to stone.
The ooze hits the plant but does no damage.
The seven-headed hydra bites the plant!
The seven-headed hydra bites the plant but does no damage.
The seven-headed hydra bites the plant!
The seven-headed hydra bites the plant but does no damage.
The seven-headed hydra bites the plant!
The seven-headed hydra bites the plant.
The seven-headed hydra bites the plant!
The plant is destroyed!
The catoblepas breathes a plume of calcifying dust at you.
The blast of calcifying dust hits you.
* * * LOW HITPOINT WARNING * * *
You are engulfed in calcifying dust.
The catoblepas gores you but does no damage.
You are engulfed in calcifying dust.
The catoblepas gores you!
* * * LOW HITPOINT WARNING * * *
You are engulfed in calcifying dust.
The catoblepas gores you!!
* * * LOW HITPOINT WARNING * * *
The seven-headed hydra bites you but does no damage.
The seven-headed hydra bites you.
The seven-headed hydra barely misses you.
The seven-headed hydra bites you!
* * * LOW HITPOINT WARNING * * *
The seven-headed hydra bites you.
* * * LOW HITPOINT WARNING * * *
The seven-headed hydra bites you!
You die...

Dungeon Overview and Level Annotations

Branches:
Dungeon (13/15)            Temple (1/1) D:6            Lair (6/6) D:8
  Swamp (0/4) Lair:4       Spider (1/4) Lair:3          Orc (2/2) D:10
    Elf (0/3) Orc:2        Vaults (0/5) D:13          IceCv (visited)
Volcano (visited)         Gauntlet (visited)
  Slime: Lair:5-6

Altars:
Ashenzari
Cheibriados
Dithmenos
Elyvilon
Fedhas
Gozag
Hepliaklqana
Kikubaaqudgha
Makhleb
Nemelex Xobeh
Okawaru
Qazlal
Ru
Sif Muna
Trog
Uskayaw
Vehumet
Wu Jian
Xom
Yredelemnul
Zin
The Shining One
Beogh

Shops:
D:13 *(%?[   Orc:2 *[(=

Annotations:
D:7 Maggie
Lair:5 Sonja
Orc:1 1 transporter, exclusions: downstairs and 1 more exclusion, Zaicos's ghost, journeyman GrFi

Notes
Turn   | Place    | Note
-------+----------+-------------------------------------------
     0 | D:1      | ting the Tengu Gladiator began the quest for the Orb.
     0 | D:1      | Reached XP level 1. HP: 12/12 MP: 2/2
   262 | D:1      | Reached XP level 2. HP: 18/18 MP: 3/3
   678 | D:1      | Reached XP level 3. HP: 21/23 MP: 4/4
  1297 | D:2      | Noticed Robin
  1672 | D:2      | Killed Robin
  1672 | D:2      | Reached XP level 4. HP: 28/28 MP: 5/5
  2169 | D:3      | Noticed an ogre
  2173 | D:3      | HP: 1/28 [ogre/+0 giant club (25)]
  2694 | D:3      | Gained mutation: You can fly continuously. [Tengu growth]
  2694 | D:3      | Reached XP level 5. HP: 33/33 MP: 6/6
  2725 | D:3      | Reached skill level 1 in Armour
  3249 | D:4      | Noticed Sigmund
  3416 | D:4      | Noticed a centaur
  3428 | D:4      | Killed a centaur
  3428 | D:4      | Reached skill level 4 in Long Blades
  3428 | D:4      | Reached XP level 6. HP: 8/38 MP: 7/7
  3440 | D:5      | Entered Level 5 of the Dungeon
  3460 | D:6      | Reached skill level 5 in Long Blades
  3692 | D:6      | Reached XP level 7. HP: 38/43 MP: 8/8
  3819 | D:6      | Found a staircase to the Ecumenical Temple.
  3829 | Temple   | Entered the Ecumenical Temple
  3931 | Temple   | Became a worshipper of Warmaster Okawaru
  4061 | D:6      | Found an ancient bone altar of Kikubaaqudgha.
  4523 | D:6      | Reached skill level 5 in Dodging
  4998 | D:7      | Reached skill level 6 in Long Blades
  5174 | D:7      | Reached XP level 8. HP: 44/46 MP: 9/9
  5196 | D:7      | Noticed Maggie
  5349 | D:7      | Reached * piety under Okawaru
  5349 | D:7      | Reached skill level 5 in Fighting
  5565 | D:8      | Noticed a hippogriff
  5582 | D:8      | Killed a hippogriff
  5582 | D:8      | Reached skill level 7 in Long Blades
  6377 | D:8      | Reached skill level 8 in Long Blades
  6378 | D:8      | Found a staircase to the Lair.
  6382 | D:8      | Noticed a hippogriff
  6405 | D:8      | Reached ** piety under Okawaru
  6405 | D:8      | Reached XP level 9. HP: 31/54 MP: 10/10
  6432 | D:8      | Reached skill level 9 in Long Blades
  6928 | D:8      | Reached skill level 10 in Long Blades
  7203 | D:8      | Reached *** piety under Okawaru
  7434 | D:8      | Found an ancient bone altar of Kikubaaqudgha.
  7600 | D:8      | Reached XP level 10. HP: 57/62 MP: 11/11
  7621 | D:8      | Found a hazy altar of Hepliaklqana.
  7938 | D:5      | Found a shattered altar of Ashenzari.
  7954 | D:5      | Reached **** piety under Okawaru
  8155 | D:5      | Found a sacrificial altar of Ru.
  8689 | D:4      | You are sucked into a shaft and drop 2 floors!
  8757 | D:4      | Killed Sigmund
  8828 | D:4      | Found a runed translucent door.
  8829 | D:4      | Noticed Crazy Yiuf
  8850 | D:4      | Killed Crazy Yiuf
  8928 | D:4      | Found a basalt altar of Yredelemnul.
  9136 | D:4      | Found a glowing golden altar of the Shining One.
  9256 | D:4      | Received a gift from Okawaru
  9441 | D:4      | Noticed an angel
 10015 | Lair:1   | Entered Level 1 of the Lair of Beasts
 10015 | Lair:1   | Noticed a spiny frog
 10023 | Lair:1   | Killed a spiny frog
 10573 | Lair:1   | Found a dark tunnel.
 10581 | Volcano  | Entered a volcano
 10727 | Volcano  | Noticed a molten gargoyle
 11078 | Lair:1   | Noticed a spiny frog
 11343 | Lair:2   | Noticed a six-headed hydra
 11384 | Lair:1   | Killed a spiny frog
 11384 | Lair:1   | Reached ***** piety under Okawaru
 11384 | Lair:1   | Reached skill level 10 in Dodging
 11944 | Lair:1   | Reached XP level 11. HP: 50/68 MP: 12/12
 12420 | Lair:2   | Gained mutation: Scrolls take you a little longer to read.
                  | [potion of mutation]
 12420 | Lair:2   | Gained mutation: You are somewhat resistant to further
                  | mutation. [potion of mutation]
 12420 | Lair:2   | Gained mutation: Your mind is acute. (Int +2) [potion of
                  | mutation]
 12989 | Lair:2   | Upgraded the game from 0.25-a0-734-g73332aeda9 to
                  | 0.25-a0-737-g26c3a87c45
 12989 | Lair:2   | Lost mutation: You are somewhat resistant to further
                  | mutation. [potion of mutation]
 12989 | Lair:2   | Lost mutation: Your mind is acute. (Int +2) [potion of
                  | mutation]
 12989 | Lair:2   | Gained mutation: Your spells are a little easier to cast,
                  | but a little less powerful. [potion of mutation]
 12989 | Lair:2   | Gained mutation: You are agile. (Dex +2) [potion of
                  | mutation]
 12989 | Lair:2   | Gained mutation: You have a pair of small horns on your
                  | head. [potion of mutation]
 13308 | Lair:2   | Received a gift from Okawaru
 13711 | Lair:2   | Found a basalt altar of Yredelemnul.
 14044 | Lair:3   | Found a gate leading to a gauntlet.
 14049 | Gauntlet | Entered a Gauntlet
 14049 | Gauntlet | Found a transporter.
 14049 | Gauntlet | Found a transporter.
 14051 | Gauntlet | Found a transporter.
 14051 | Gauntlet | Noticed a sixfirhy
 14054 | Gauntlet | Found a transporter.
 14055 | Gauntlet | Found a transporter.
 14055 | Gauntlet | Found a transporter.
 14057 | Gauntlet | Noticed a tengu warrior
 14070 | Lair:3   | Found a sacrificial altar of Ru.
 14086 | Lair:3   | Found a hole to the Spider Nest.
 14621 | Lair:3   | Received a gift from Okawaru
 14626 | Lair:3   | Reached skill level 10 in Fighting
 15316 | Lair:4   | Reached skill level 11 in Long Blades
 15766 | Lair:4   | Found a staircase to the Swamp.
 15856 | Lair:4   | Reached XP level 12. HP: 78/78 MP: 13/13
 16118 | Lair:4   | Reached skill level 12 in Long Blades
 16426 | Lair:5   | Reached skill level 13 in Long Blades
 16438 | Lair:5   | Received a gift from Okawaru
 16622 | Lair:5   | Noticed a six-headed hydra
 16642 | Lair:5   | You are sucked into a shaft and drop 1 floor!
 16642 | Lair:6   | Entered Level 6 of the Lair of Beasts
 16643 | Lair:6   | Noticed a seven-headed hydra
 16673 | Lair:6   | Noticed a catoblepas
 16758 | Lair:5   | Received a gift from Okawaru
 16988 | Lair:5   | Reached ****** piety under Okawaru
 17230 | Lair:5   | Killed an eight-headed hydra
 17230 | Lair:5   | Reached XP level 13. HP: 87/87 MP: 14/14
 17277 | Lair:5   | Reached skill level 5 in Throwing
 17728 | Lair:5   | Noticed Sonja
 18193 | Spider:1 | Entered Level 1 of the Spider Nest
 18794 | Spider:1 | Received a gift from Okawaru
 19409 | D:9      | Found an ornate altar of the Wu Jian Council.
 19439 | D:9      | Found a stormy altar of Qazlal.
 19440 | D:9      | Found a hide-covered altar of Uskayaw.
 19989 | D:10     | Entered Level 10 of the Dungeon
 20417 | D:10     | Received a gift from Okawaru
 20418 | D:10     | Got a crude cloak {god gift}
 20448 | D:10     | Identified the +0 cloak of Vanity {rN++ Regen+ Int-3}
                  | (Okawaru gifted it to you on level 10 of the Dungeon)
 20465 | D:10     | Found a staircase to the Orcish Mines.
 20820 | Orc:1    | Entered Level 1 of the Orcish Mines
 20885 | Orc:1    | Found a roughly hewn altar of Beogh.
 20938 | Orc:1    | Noticed a stone giant
 20938 | Orc:1    | Noticed Zaicos's ghost (journeyman GrFi)
 20939 | Orc:1    | Found a bloodstained altar of Trog.
 20940 | Orc:1    | Identified the +8 broad axe "Xooddiz" {vorpal, rElec}
 21028 | Orc:1    | Found a transporter.
 21031 | Orc:1    | Found a transporter.
 21311 | Orc:2    | Entered Level 2 of the Orcish Mines
 21401 | Orc:2    | Found a staircase to the Elven Halls.
 21460 | Orc:2    | Found Saohex's Antique Weapon Emporium.
 21603 | Orc:2    | Reached skill level 5 in Armour
 21680 | Orc:2    | Found Peeneluh's Antique Armour Emporium.
 21690 | Orc:2    | Noticed an orc warlord
 21708 | Orc:2    | Killed an orc warlord
 21708 | Orc:2    | Reached XP level 14. HP: 92/92 MP: 12/15
 21758 | Orc:2    | Paralysed by an orc sorcerer for 4 turns
 21887 | Orc:2    | Found Moqoraur's General Store.
 21895 | Orc:2    | Bought a potion of heal wounds for 60 gold pieces
 21895 | Orc:2    | Bought a scroll of teleportation for 36 gold pieces
 22026 | Orc:2    | Found Sonutwose's Jewellery Shop.
 22907 | D:11     | Found a hazy altar of Hepliaklqana.
 22913 | D:11     | Reached skill level 14 in Long Blades
 23111 | D:11     | Found a frozen archway.
 23136 | IceCv    | Entered an ice cave
 23141 | IceCv    | Received a gift from Okawaru
 23662 | IceCv    | Received a gift from Okawaru
 24243 | Lair:1   | Identified a scroll of acquirement
 24243 | Lair:1   | Identified the -9 kite shield of Elyvilon's Indignation
                  | {rF+ Int+3} (You acquired it on level 1 of the Lair of
                  | Beasts)
 24477 | D:12     | Reached skill level 15 in Long Blades
 25203 | D:13     | Found a gate to the Vaults.
 25203 | D:13     | Noticed an ironheart preserver
 25218 | D:13     | Killed an ironheart preserver
 25218 | D:13     | Reached skill level 16 in Long Blades
 25387 | D:13     | Received a gift from Okawaru
 25446 | D:13     | Found Jithaubu's Antique Armour Emporium.
 25450 | D:13     | Bought a translucent scale mail for 252 gold pieces
 25460 | D:13     | Identified the +6 scale mail "Lelaxien" {+Blink} (You
                  | bought it in a shop on level 13 of the Dungeon)
 25564 | D:13     | Found Tateo's Food Shoppe.
 25812 | D:12     | Reached XP level 15. HP: 90/97 MP: 14/16
 25888 | D:13     | Found Heukoid's Assorted Antiques.
 25896 | D:13     | Bought a scroll of identify for 62 gold pieces
 25896 | D:13     | Bought a scroll of teleportation for 93 gold pieces
 25901 | D:13     | Found Takhloev's Antique Weapon Emporium.
 26018 | D:13     | Found Vopnos's Magic Scroll Shoppe.
 26025 | D:13     | Bought 3 scrolls of teleportation for 135 gold pieces
 26025 | D:13     | Bought a scroll of teleportation for 45 gold pieces
 26025 | D:13     | Bought a scroll of teleportation for 45 gold pieces
 26025 | D:13     | Bought a scroll of teleportation for 45 gold pieces
 26025 | D:13     | Bought a scroll of identify for 30 gold pieces
 26269 | D:13     | Reached skill level 17 in Long Blades
 26588 | Lair:6   | Slain by a seven-headed hydra

Levels and vault maps discovered:
D:1:      matt_arrival_spirals, layout_loops_ring
D:2:      layout_rooms, lemuel_flame_loot_1, uniq_robin
D:3:      layout_basic, first_ration, portal_sewer_entry_f
D:4:      layout_basic, grunt_temple_overflow_holy_war, uniq_sigmund,
          uniq_crazy_yiuf_cottage
D:5:      layout_gridville, nicolae_overflow_crystal_walls,
          nicolae_ru_sacrificial_ziggurat
D:6:      layout_loops_cross, kiku_gazebo_garden_becter,
          minmay_temple_entry_glass, grunt_ministairs_14
D:7:      layout_loops_corners, uniq_maggie
D:8:      layout_basic, minmay_lair_entry_grove, basic_altar, grunt_pizzeria,
          tgw_kikubaaqudgha
D:9:      layout_long_grid, nicolae_overflow_hidden_temple, basic_altar,
          lemuel_flamethrower_2
D:10:     layout_loops_cross, erik_orc_1
D:11:     layout_loops_corners, portal_ice_cave_entry_ice_beasts, basic_altar
D:12:     layout_roguey
D:13:     layout_stronghold, skrybe_vaults_entry_preservation, serial_shops,
          nicolae_shop_trees, shop, nicolae_shop_statue_plus, shop,
          nicolae_shop_overgrown_old_shop
Temple:   compressed_dpeg_circular_temple
Lair:1:   layout_small_grid, serial_rivers, chequers_serial_rivers_large_a,
          chequers_serial_rivers_room_a, chequers_serial_rivers_micro_c,
          chequers_serial_rivers_marsh, chequers_serial_rivers_micro_d,
          chequers_serial_rivers_small_a, enter_volcano_1, beast_lair_carwin_3
Lair:2:   layout_gridlike, basic_altar, infiniplex_staircase_pool,
          lemuel_fruit_fields, serial_bayou_shore_b
Lair:3:   layout_cave_pods, spider_nest_entry_web_field, basic_altar,
          gauntlet_entry_generic
Lair:4:   layout_roguey, skrybe_swamp_entry_bodies
Lair:5:   layout_misc_corridors, special_room [special_room_bee],
          kilobyte_rumbling_trees, grunt_megastairs_2, serial_bayou_shore_b,
          lemuel_fruit_fields, serial_bayou_shore_b, uniq_sonja
Lair:6:   minmay_lair_end_enchanted_forest, layout_loops_ring,
          minmay_slime_entry_jelly_boxes, serial_bayou_shore_a
Spider:1: layout_chambers
Orc:1:    layout_caves, basic_altar, gammafunk_ghost_wrathful_warriors
Orc:2:    grunt_orc_gardens, layout_caves, grunt_orc_garden, grunt_orc_garden,
          grunt_orc_garden, grunt_orc_garden

Vanquished Creatures
  An orc warlord (Orc:2)
  An ironheart preserver (D:13)
  A hydra (Lair:5)
  2 ice dragons (IceCv)
  A centaur warrior (D:13)
  A two-headed ogre (D:12)
  4 orc high priests (Orc:2)
  An unseen horror (D:12)
  2 orc knights (Orc:2)
  A deep elf mage (D:13)
  A wolf spider (Spider:1)
  5 orc sorcerers (Orc:1 Orc:2)
  2 orb spiders (Spider:1)
  2 manticores (D:13)
  2 ugly things (D:12 D:13)
  2 cyclopes (Orc:2 D:13)
  11 elephants (Lair:4 Lair:5)
  2 ice statues (IceCv)
  5 centaur zombies (D:12 D:13)
  6 spiny frogs (Lair:1 Lair:2 Lair:3 Lair:4 Lair:5)
  3 gargoyles (D:10 D:13)
  A kobold demonologist (D:12)
  4 rime drakes (Lair:2 IceCv)
  4 komodo dragons (Lair:3 D:12 D:13)
  A queen bee (Lair:5)
  A hornet (D:12)
  6 meliai (Lair:5 D:12)
  12 trolls (Orc:2 Orc:1 D:12 D:13)
  6 jumping spiders (Lair:3 Spider:1)
  4 polar bears (Lair:4 Lair:6 Lair:5)
  A meliai zombie (D:11)
  8 blink frogs (Lair:4 Lair:5)
  3 slime creatures (D:12)
  9 hippogriffs (D:8 Lair:1 Lair:3 Lair:6 D:11)
  2 bog bodies (Lair:4)
  Sigmund (D:4)
  2 tarantellas (Spider:1)
  16 redbacks (Lair:3 Spider:1)
  41 yaks (D:8 Lair:1 Lair:2 Lair:3 Lair:4)
  A wraith (D:11)
  5 wyverns (Lair:1 Lair:4 D:11 D:13)
  5 basilisks (D:8 Lair:4 Lair:5 D:13)
  A fire elemental (Volcano)
  A human (D:8)
  3 hungry ghosts (D:10 D:12)
  A steam dragon (Lair:2)
  3 vampire mosquitoes (D:12 D:13)
  A warg (Orc:2)
  5 water moccasins (Lair:2 Lair:3 Lair:4 Lair:5 Lair:6)
  18 orc warriors (D:10 Orc:1 Orc:2 D:13)
  10 porcupines (D:8 Lair:1 Lair:2 Lair:3 Lair:4)
  2 sky beasts (D:10 D:13)
  A swamp drake (D:10)
  27 ice beasts (D:7 D:8 D:10 D:11 IceCv)
  2 eyes of draining (D:10 D:13)
  A phantom (D:13)
  2 necrophages (D:7 D:10)
  12 wolves (Lair:1 Lair:2 Lair:3 Lair:4)
  4 boggarts (Lair:5)
  3 centaurs (D:4 D:8)
  8 crocodiles (D:8 Lair:1 Lair:2 Lair:3 Lair:5)
  17 ogres (D:7 D:8 D:5 D:4 D:3)
  2 big kobolds (D:12)
  13 bullfrogs (D:6 D:8 Lair:1 Lair:2 Lair:3)
  A wyvern zombie (D:13)
  A wyvern skeleton (D:9)
  A water moccasin skeleton (D:6)
  6 scorpions (D:6 D:7 D:8 D:5 D:10)
  27 killer bees (Lair:5 Lair:4 D:10 D:12 D:13)
  4 howler monkeys (D:6 D:5 D:11 D:13)
  2 crimson imps (D:8 D:12)
  2 quasits (D:4 D:10)
  2 bullfrog skeletons (D:10)
  2 bullfrog zombies (D:8 D:12)
  A jelly (D:5)
  Crazy Yiuf (D:4)
  10 orc priests (D:8 D:10 Orc:1 Orc:2 D:13)
  2 centaur skeletons (D:6 D:13)
  8 hounds (D:6 D:7 D:8 D:5 D:4)
  7 orc wizards (D:8 D:10 Orc:1 Orc:2)
  2 iguanas (D:5 D:12)
  5 worker ants (D:3 D:6 D:7 D:9 D:12)
  Robin (D:2)
  A worker ant zombie (D:9)
  7 gnolls (D:3 D:4)
  2 howler monkey skeletons (D:10)
  10 adders (D:2 D:3 D:4 D:7 D:8)
  4 shadow imps (D:6 D:8 D:11 D:12)
  3 oozes (D:3 D:6 Lair:6)
  An adder skeleton (D:4)
  A worm (D:2)
  2 dart slugs (D:4)
  9 leopard geckos (D:1 D:3 D:7 D:9 D:10)
  46 orcs (D:3 D:7 D:8 D:4 D:10)
  2 ball pythons (D:1)
  9 giant cockroaches (D:2 D:3 D:6 D:5 D:4)
  13 goblins (D:1 D:2 D:3)
  11 hobgoblins (D:1 D:2 D:3)
  9 jackals (D:1 D:2 D:9)
  4 quokkas (D:2 D:6 D:7 D:10)
  5 bats (D:1 D:2 D:3)
  2 frilled lizards (D:1)
  A giant cockroach zombie (D:6)
  A jackal zombie (D:5)
  4 kobolds (D:1 D:3 D:12)
  2 leopard gecko zombies (D:4 D:6)
  A quokka skeleton (D:9)
  8 rats (D:1 D:3)
569 creatures vanquished.

Vanquished Creatures (others)
  A water moccasin (D:9)
  An orc warrior (D:10)
  A human (D:8)
  A worker ant (D:9)
  2 orcs (D:10)
  A bush (D:8)
  18 fungi (D:8 Lair:3 Lair:5 Orc:2 Lair:6)
  26 plants (D:8 Lair:5 D:13 Lair:6)
51 creatures vanquished.

Grand Total: 620 creatures vanquished

Action                   |  1- 3 |  4- 6 |  7- 9 | 10-12 | 13-15 || total
-------------------------+-------+-------+-------+-------+-------++-------
Melee: Long sword        |    88 |    94 |   162 |   291 |       ||   635
       Kick              |    26 |    32 |    80 |   274 |   409 ||   821
       Peck              |     8 |    21 |    52 |   202 |   258 ||   541
       Dagger            |       |     4 |     4 |       |       ||     8
       Headbutt          |       |       |       |   118 |   256 ||   374
       Great sword       |       |       |       |   214 |   466 ||   680
       Triple sword      |       |       |       |       |   175 ||   175
Throw: Boomerang         |     5 |    11 |    20 |    16 |       ||    52
       Stone             |     4 |    18 |    63 |   214 |   131 ||   430
       Throwing net      |       |     2 |       |     1 |       ||     3
       Javelin           |       |       |       |     4 |     1 ||     5
Invok: Heroism           |       |       |       |     5 |     6 ||    11
 Abil: Fly               |       |       |     1 |       |       ||     1
Evoke: Wand              |       |       |       |     6 |     1 ||     7
  Use: Potion            |       |     2 |     1 |     8 |     4 ||    15
       Scroll            |       |     1 |     7 |     2 |    11 ||    21
 Stab: Sleeping          |       |       |     1 |       |     4 ||     5
  Eat: Chunk             |     2 |     5 |     7 |    16 |    13 ||    43
       Ration            |       |     1 |     1 |     4 |     5 ||    11
Armor: Leather armour    |    21 |    11 |     2 |       |     7 ||    41
       Ring mail         |       |       |    39 |    84 |    63 ||   186
       Scale mail        |       |       |       |       |    16 ||    16
Dodge: Dodged            |    69 |    67 |    91 |   544 |   809 ||  1580
       Rpst.: Long sword |    16 |    22 |    34 |    67 |       ||   139
       Great sword       |       |       |       |    75 |   120 ||   195
       Triple sword      |       |       |       |       |    56 ||    56

Table legend:
 A = Turns spent in this place as a percentage of turns spent in the entire game.
 B = Non-inter-level travel turns spent in this place as a percentage of non-inter-level travel turns spent in the entire game.
 C = Inter-level travel turns spent in this place as a percentage of turns spent in this place.
 D = Turns resting spent in this place as a percentage of non-inter-level travel turns spent in this place.
 E = Turns spent auto-exploring this place as a percentage of non-inter-level travel turns spent in this place.
 F = Non-inter-level travel turns spent in this place divided by the number of levels of this place that you've seen.
                   A       B       C       D       E      F
               +-------+-------+-------+-------+-------+----------------------
         Total | 100.0 | 100.0 |   7.0 |  29.0 |  47.6 | 951.0
       Dungeon |  56.0 |  55.4 |   7.9 |  25.6 |  53.0 | 1054.3
        Temple |   0.4 |   0.4 |  16.2 |   0.0 |  98.0 |  98.0
          Lair |  31.7 |  32.2 |   5.6 |  35.4 |  40.6 | 1325.2
   Spider Nest |   2.1 |   2.3 |   0.0 |  57.1 |  18.6 | 569.0
  Orcish Mines |   7.0 |   6.7 |  10.5 |  13.6 |  55.4 | 832.5
      Ice Cave |   2.1 |   2.3 |   0.0 |  32.7 |  27.4 | 562.0
       Volcano |   0.6 |   0.6 |   0.0 |  72.9 |   0.0 | 155.0
      Gauntlet |   0.1 |   0.1 |   0.0 |   0.0 |   0.0 |  20.0
               +-------+-------+-------+-------+-------+----------------------

Table legend:
 A = Kills in this place as a percentage of kills in entire the game.
 B = Kills by you in this place as a percentage of kills by you in the entire game.
 C = Kills by friends in this place as a percentage of kills by friends in the entire game.
 D = Other kills in this place as a percentage of other kills in the entire game.
 E = Experience gained in this place as a percentage of experience gained in the entire game.
 F = Experience gained in this place divided by the number of levels of this place that you have seen.
                   A       B       C       D       E      F
               +-------+-------+-------+-------+-------+----------------------
         Total | 100.0 | 100.0 |   N/A |   N/A | 100.0 | 3432.7
       Dungeon |  56.2 |  56.2 |   N/A |   N/A |  36.3 | 2489.1
          Lair |  25.5 |  25.5 |   N/A |   N/A |  34.6 | 5141.5
   Spider Nest |   3.7 |   3.7 |   N/A |   N/A |   6.8 | 6051.0
  Orcish Mines |  10.9 |  10.9 |   N/A |   N/A |  16.0 | 7133.5
      Ice Cave |   3.5 |   3.5 |   N/A |   N/A |   6.2 | 5534.0
       Volcano |   0.2 |   0.2 |   N/A |   N/A |   0.2 | 192.0
               +-------+-------+-------+-------+-------+----------------------
